 Dungeon Crawl Stone Soup version 0.26.0-10-g1f06aea511 (webtiles) character file.

Game seed: 11690127563954033713

268 dohliylev the Chopper (level 6, -3/56 HPs)
             Began as a Minotaur Berserker on Jan 18, 2021.
             Was a Believer of Trog.
             Slain by a gnoll
             ... wielding a +0 spear
              (6 damage)
             ... on level 3 of the Dungeon.
             The game lasted 00:03:57 (1927 turns).

dohliylev the Chopper (Minotaur Berserker)          Turns: 1927, Time: 00:03:57

Health: -3/56      AC:  6    Str: 23    XL:     6   Next: 1%
Magic:  5/5        EV:  8    Int:  4    God:    Trog [**....]
Gold:   109        SH:  8    Dex: 10    Spells: 5/5 levels left

rFire    . . .     SeeInvis .   b - +0 war axe
rCold    . . .     Faith    .   e - +0 kite shield
rNeg     . . .     Spirit   .   m - +0 scale mail
rPois    .         Reflect  .   (helmet restricted)
rElec    .         Harm     .   (no cloak)
rCorr    .         Rampage  .   (no gloves)
Will     ++...                  (no boots)
Stlth    ..........             (no amulet)
HPRegen  1.18/turn              (no ring)
MPRegen  0.09/turn              (no ring)

@: berserk cooldown, regenerating, slowed, very slow
A: retaliatory headbutt, horns 2
a: Renounce Religion, Berserk, Trog's Hand


You were on level 3 of the Dungeon.
You worshipped Trog.
Trog was pleased with you.
You visited 1 branch of the dungeon, and saw 3 of its levels.

You collected 109 gold pieces.

Inventory:

Hand Weapons
 b - a +0 war axe (weapon)
Armour
 a - a +0 pair of gloves
 e - a +0 kite shield (worn)
 m - a +0 scale mail (worn)
Wands
 o - a wand of random effects (19)
Scrolls
 c - 3 scrolls of remove curse {unknown}
 d - a scroll of noise {unknown}
 f - 2 scrolls of identify {unknown}
 g - a scroll of amnesia {unknown}
 i - a scroll of enchant armour {unknown}
 k - a scroll of blinking {unknown}
 n - a scroll of enchant weapon {unknown}
Potions
 h - 2 potions of might {unknown}
 j - 2 potions of curing {unknown}
 l - 2 potions of resistance {unknown}


   Skills:
 + Level 5.2 Fighting
 + Level 5.9 Axes
 + Level 3.6 Armour
 + Level 2.9 Dodging
 + Level 1.8 Shields


You had 5 spell levels left.
You didn't know any spells.
Your spell library was empty.

Dungeon Overview and Level Annotations

Branches:
Dungeon (3/15)

Altars:


Innate Abilities, Weirdness & Mutations

You reflexively headbutt those who attack you in melee.
You have a pair of horns on your head.


Message History

The orc wizard casts a spell at you. The magic dart hits you!
An orc comes into view. It is wielding a +0 club.
The frilled lizard closely misses you. You block the gnoll's attack.
The gnoll hits you from afar with a +0 spear.
The orc shouts!
You hit the orc wizard but do no damage.
You hit the frilled lizard.
You kill the frilled lizard!
Trog accepts your kill. You block the orc wizard's attack.
The gnoll hits you from afar with a +0 spear!
* * * LOW HITPOINT WARNING * * *
A rat comes into view.
The orc wizard hits you with a +0 dagger.
* * * LOW HITPOINT WARNING * * *
The gnoll hits you from afar with a +0 spear!
* * * LOW HITPOINT WARNING * * *
The gnoll hits you from afar with a +0 spear.
You die...

... ............).†.......#
###. ##
###..#......).........# .
...#..?#.......†....!$...#
.. #..#.#.#...............#
..##.#....##.............##
.......gg####.....#.....##
..#...##g################
.......#.†....##
........g.@.)..#
...........o......
.................. .
...........o....
................
..............o.
.......[..?.....
..........r.#..


You could see an orc wizard (fast), 4 gnolls, 2 orcs and a rat (wandering).

Vanquished Creatures
  A hound (D:3)
  Jessica (D:3)
  Terence (D:2)
  7 gnolls
  4 adders
  4 dart slugs
  4 leopard geckos
  An orc (D:3)
  9 bats
  8 giant cockroaches
  4 goblins
  7 hobgoblins
  12 kobolds
  2 quokkas (D:3)
  8 frilled lizards
  3 rats
76 creatures vanquished.

Notes
Turn   | Place    | Note
-------+----------+-------------------------------------------
     0 | D:1      | dohliylev the Minotaur Berserker began the quest for the
                  | Orb.
     0 | D:1      | Reached XP level 1. HP: 19/19 MP: 0/0
    87 | D:1      | Reached XP level 2. HP: 19/27 MP: 1/1
   539 | D:1      | Reached XP level 3. HP: 33/33 MP: 2/2
   786 | D:2      | Reached XP level 4. HP: 33/41 MP: 3/3
   936 | D:2      | Reached ** piety under Trog
  1332 | D:2      | Noticed Terence
  1336 | D:2      | Killed Terence
  1337 | D:2      | Reached skill level 5 in Axes
  1424 | D:2      | Reached skill level 1 in Shields
  1776 | D:3      | Noticed Jessica
  1784 | D:3      | Reached XP level 5. HP: 47/47 MP: 4/4
  1784 | D:3      | Killed Jessica
  1787 | D:3      | Reached skill level 5 in Fighting
  1925 | D:3      | Reached XP level 6. HP: 25/56 MP: 5/5
  1927 | D:3      | Slain by a gnoll

Illustrated notes

Levels and vault maps discovered:
D:1:      evilmike_arrival_plus, layout_rooms, minmay_pentomino_r4
D:2:      layout_loops_corners, uniq_terence
D:3:      layout_rooms, portal_sewer_entry_a, uniq_jessica

Skill      XL: |  1  2  3  4  5 |
---------------+----------------+-----
Axes           | 4 5 |  5.9
Fighting       | 4 5 |  5.2
Armour         | 3 |  3.6
Shields        | 1 |  1.8
Dodging        | |  2.9

Action                   |  1- 3 |  4- 6 || total
-------------------------+-------+-------++-------
Melee: Hand axe          |    53 |    17 ||    70
       Headbutt          |    10 |    12 ||    22
       War axe           |       |    67 ||    67
Invok: Berserk           |       |     3 ||     3
       Trog's Hand       |       |     1 ||     1
Armor: Animal skin       |    13 |       ||    13
       Scale mail        |     3 |    49 ||    52
Dodge: Dodged            |    26 |    41 ||    67
Block: Kite shield       |    21 |    59 ||    80
